 Dungeon Crawl Stone Soup version 0.19-a0-1899-g2d93087 (webtiles) character file.

169 rme2001 the Ducker (level 5, -6/42 HPs)
             Began as a Merfolk Gladiator on Oct 19, 2016.
             Was a Follower of Fedhas.
             Killed by divine providence
             ... invoked by an orc priest
              (16 damage)
             ... on level 3 of the Dungeon.
             The game lasted 00:09:59 (1876 turns).

rme2001 the Ducker (Merfolk Gladiator)              Turns: 1876, Time: 00:10:00

Health: -6/42      AC:  6    Str: 15    XL:     5   Next: 50%
Magic:  5/5        EV: 15    Int:  8    God:    Fedhas [*.....]
Gold:   76         SH:  0    Dex: 15    Spells: 0 memorised, 4 levels left

rFire  . . .     SeeInvis +     a - +0 long sword
rCold  . . .     Gourm    .     b - +0 leather armour
rNeg   . . .     Faith    .     (no shield)
rPois  .         Spirit   .     c - +0 helmet
rElec  .         Reflect  .     (no cloak)
rCorr  .         Harm     .     e - +0 pair of gloves
MR     .....                    l - +0 pair of boots
Stlth  +.........               (no amulet)
                                (no ring)
                                i - ring of see invisible

@: no status effects
A: change form in water, swift swim, stealthy swim
a: Fungal Bloom, Evolution, Renounce Religion


You were on level 3 of the Dungeon.
You worshipped Fedhas.
Fedhas was aware of your devotion.
You were hungry.

You visited 1 branch of the dungeon, and saw 4 of its levels.

You collected 76 gold pieces.

Inventory:

Hand Weapons
 a - a +0 long sword (weapon)
Missiles
 d - 3 throwing nets (quivered)
Armour
 b - a +0 leather armour (worn)
 c - a +0 helmet (worn)
 e - a +0 pair of gloves (worn)
 l - a +0 pair of boots (worn)
 u - a cursed -1 pair of boots
Jewellery
 i - a ring of see invisible (left hand)
Scrolls
 k - 2 scrolls of enchant armour
 m - a scroll of remove curse {unknown}
 n - 3 scrolls of identify
 o - a scroll of recharging
 p - a scroll of enchant weapon {unknown}
Potions
 q - a potion of berserk rage {unknown}
 r - a potion of curing {unknown}
 t - a potion of cure mutation {unknown}
Comestibles
 f - 4 bread rations
 g - 3 chunks of flesh
 h - 2 beef jerkies
 j - a slice of pizza
 s - a meat ration


   Skills:
 + Level 3.8 Fighting
 + Level 4.4 Long Blades
 - Level 2.0 Throwing
 + Level 5.8 Dodging


You had 4 spell levels left.
You didn't know any spells.

Dungeon Overview and Level Annotations

Branches:
Dungeon (4/15)
 Temple: D:4-7

Altars:
Ashenzari
Cheibriados
Fedhas


Message History

You hit the orc priest.
The orc priest is heavily wounded.
The orc wizard closely misses you.
You riposte.
You hit the orc wizard.
The orc wizard is moderately wounded.
The orc priest hits you with a mace!
* * * LOW HITPOINT WARNING * * *
The orc wizard hits you with a dagger.
* * * LOW HITPOINT WARNING * * *
Okay, then.
Items here: ))) [ †† You see here an orc corpse.
The orc wizard mumbles some strange words.
The orc wizard flickers and vanishes for a moment.
Found a stone staircase leading down.
The orc priest looks braver for a moment.
Found a scroll of identify.
The orc priest mumbles some strange prayers to Beogh against you.
Beogh smites you!
You die...
Fedhas appreciates your contribution to the ecosystem.

#....####.)........
##.....#>)####.####
##......)†#####.#
#.........$..##.#
#......o..##.##..
#..!..o...# .##.
#.........## ...#
#............. ..
#..@......#### #
#.........#
#.........#
#.........#
#.........#
##..?....##
##.....## #######


You could see an orc priest and an orc wizard (invisible).

Vanquished Creatures
  An orc wizard (D:3)
  4 gnolls (D:2)
  2 adders
  4 worms (D:2)
  A dart slug (D:3)
  A leopard gecko (D:1)
  5 orcs (D:3)
  13 goblins
  7 hobgoblins
  2 jackals (D:1)
  3 quokkas (D:3)
  2 ball pythons
  7 bats
  4 frilled lizards
  7 kobolds
  5 rats
68 creatures vanquished.

Notes
Turn   | Place    | Note
-------+----------+-------------------------------------------
     0 | D:1      | rme2001 the Merfolk Gladiator began the quest for the Orb.
     0 | D:1      | Reached XP level 1. HP: 16/16 MP: 1/1
   263 | D:1      | Reached XP level 2. HP: 23/23 MP: 2/2
   814 | D:2      | Reached XP level 3. HP: 16/28 MP: 3/3
   839 | D:2      | Reached XP level 4. HP: 16/35 MP: 4/4
  1007 | D:2      | Reached skill level 5 in Dodging
  1124 | D:2      | Found a faded altar of an unknown god.
  1165 | D:2      | Became a worshipper of Fedhas Madash
  1165 | D:2      | Reached * piety under Fedhas
  1659 | D:3      | Reached XP level 5. HP: 32/41 MP: 5/5
  1709 | D:3      | Found a shattered altar of Ashenzari.
  1712 | D:3      | Found a snail-covered altar of Cheibriados.
  1844 | D:4      | Noticed a sky beast
  1876 | D:3      | Killed from afar by an orc priest

Vault maps used:
D:1:      lightli_arrival_farm
D:2:      ecumenical_altar_1, first_bread
D:3:      minitemple, hangedman_abyss_or_decor_stabs
D:4:      elyvilon_altar_5, serial_shops, shop_coins, nicolae_shop_stone,
          nicolae_ru_great_annihilating_truth

Skill      XL: |  1  2  3  4 |
---------------+-------------+-----
Fighting       | 3 |  3.8
Long Blades    | 4 |  4.4
Dodging        | 5 |  5.8
Throwing       | |  2.0

Action                   |  1- 3 |  4- 6 || total
-------------------------+-------+-------++-------
Melee: Long sword        |    76 |   107 ||   183
  Use: Scroll            |     5 |     1 ||     6
       Potion            |     1 |     1 ||     2
 Stab: Sleeping          |     1 |       ||     1
  Eat: Chunk             |       |     3 ||     3
Armor: Leather armour    |    33 |    28 ||    61
Dodge: Dodged            |    84 |    87 ||   171
       Rpst.: Long sword |    28 |    34 ||    62
